[Event "*** Titled Tuesday Blitz"]
[Site "Chess.com"]
[Date "2020.12.29"]
[Round "11"]
[White "The_Machine04"]
[Black "GelmanAlexander"]
[Result "0-1"]
[WhiteElo "2430"]
[BlackElo "2564"]
[TimeControl "180+1"]
[EndTime "12:05:45 PST"]
[Termination "GelmanAlexander won on time"]

1. d4 Nf6 2. Bg5 c5 3. Bxf6 gxf6 4. d5 f5 5. c4 Bg7 6. Qc2 Qa5+ 7.
Nc3 b5 8. cxb5 a6 9. e3 O-O 10.
bxa6 Nxa6 11. Bc4 Nb4 12. Qd2 Ba6 13. Bxa6 Qxa6 14. Nge2 Nd3+ 15. Kf1 Rfb8 16. b3 Rxb3 17. Rd1 Rxc3 18. Nxc3 Nb2+ 19. Ne2 Nxd1 20. Qxd1 Qc4 21. f3 Rxa2 22. Kf2 Bh6 23. f4 Bg7 24. Re1 Qe4 25. Qb3 Rb2 26. Qa3 Bf6 27. Qxc5 Bh4+ 28. g3 Bf6 29. Qc8+ Kg7 30. Qxd7 Bc3 31. Ra1 Qd3 0-1

[Event "*** Titled Tuesday Blitz"]
[Site "Chess.com"]
[Date "2020.12.29"]
[Round "11"]
[White "NovikovaGalina"]
[Black "Eloist"]
[Result "0-1"]
[WhiteElo "2248"]
[BlackElo "2356"]
[TimeControl "180+1"]
[EndTime "12:05:46 PST"]
[Termination "Eloist won on time"]

1. e4 e6 2. Nf3 d5 3. e5 c5 4. b4 cxb4 5. a3 Nc6 6. axb4 Bxb4 7. c3 Ba5 8. d4 Nge7 9. Bd3 Bd7 10. O-O b5 11. Na3 Bxc3 12. Nxb5 Bxa1 13. Nd6+ Kf8 14.
Ng5 Be8 15. Ngxf7 Bxf7 16. Qf3 Nf5 17. Bxf5 Nxd4 18. Qa3 exf5 19. Qxa1 Ne2+ 20. Kh1 Nxc1 21. Rxc1 Be6 22. Qa3 Kg8 23. Nb7 Qf8 24. Nc5 h6 25.
Qa6 Bc8 26. Qc6 Rb8 27. e6 Kh7 28. Qxd5 Qf6 29. h3 Rd8 30. Qc6 Rb6 31. Qc7 Bxe6 32. Qxa7 Rc6 33. Qa5 Rdc8 34. Rc3 Qd4 0-1

[Event "*** Titled Tuesday Blitz"]
[Site "Chess.com"]
[Date "2020.12.29"]
[Round "11"]
[White "Fortitudine"]
[Black "cukin84"]
[Result "1-0"]
[WhiteElo "2342"]
[BlackElo "2194"]
[TimeControl "180+1"]
[EndTime "12:05:46 PST"]
[Termination "Fortitudine won on time"]

1. c4 f5 2. g3 Nf6 3. Bg2 g6 4. b3 Bg7 5. Bb2 d6 6. e3 e5 7. Ne2 O-O 8. O-O Nc6 9. d3 Qe8 10. Nbc3 Kh8 11. a3 a6 12. b4 Be6 13. Nd5 Qd8 14.
Nxf6 Bxf6 15. Rc1 g5 16. d4 e4 17. Qc2 Ne7 18. d5 Bd7 19. Nd4 Ng6 20. f3 exf3 21. Bxf3 Bg7 22. Bg2 Qe7 23. Rce1 Rae8 24. Nxf5 Bxf5 25.
Bxg7+ Qxg7 26. Rxf5 Ne5 27. Ref1 Rg8 28. h3 Qh6 29.
Qc3 g4 30. h4 Qg7 31. Qd4 Re7 32. Rg5 Qh6 33. Rxg8+ Kxg8 34. Rf5 Ng6 35. Rg5 Re5 36. Qxg4 Kh8 37. Qc8+ 1-0

[Event "*** Titled Tuesday Blitz"]
[Site "Chess.com"]
[Date "2020.12.29"]
[Round "11"]
[White "anon481216"]
[Black "pavelalexandru07"]
[Result "0-1"]
[WhiteElo "2383"]
[BlackElo "2281"]
[TimeControl "180+1"]
[EndTime "12:05:46 PST"]
[Termination "pavelalexandru07 won on time"]

1. d4 Nf6 2. c4 g6 3. g3 Bg7 4. Bg2 O-O 5. Nf3 d6 6. O-O c5 7.
d5 a6 8. a4 Nbd7 9. Nc3 Ne8 10. e4 Nc7 11. Bg5 h6 12. Bf4 Rb8 13. a5 b5 14. axb6 Nxb6 15. Qe2 Nd7 16. Ra2 Rb4 17. Re1 g5 18. Bd2 Nb6 19. Nd1 Rxc4 20. b3 Rb4 21. Bxb4 cxb4 22. Ne3 Bd7 23. Nc4 Bb5 24. Nfd2 Bc3 25.
Rc1 Qb8 26. Ra5 Rc8 27. Qh5 Kg7 28. Bf1 Ne8 29. h4 Bxd2 30. Nxd2 Rxc1 31. hxg5 hxg5 32. Qxg5+ Kf8 33. Qh6+ Kg8 34. Qg5+ Ng7 35. Qxe7 Bxf1 36. Nxf1 Qc8 37. Qg5 Qc2 0-1

[Event "*** Titled Tuesday Blitz"]
[Site "Chess.com"]
[Date "2020.12.29"]
[Round "11"]
[White "Chernov_Alexander_A"]
[Black "Euge_chess"]
[Result "1-0"]
[WhiteElo "2309"]
[BlackElo "2088"]
[TimeControl "180+1"]
[EndTime "12:05:46 PST"]
[Termination "Chernov_Alexander_A won on time"]

1. d4 Nf6 2. Nc3 g6 3. e4 d6 4. Bf4 Bg7 5. Qd2 O-O 6. O-O-O Nbd7 7. Nf3 Re8 8. Bh6 Bh8 9. h4 e5 10. dxe5 Nxe5 11. Nxe5 Rxe5 12. f3 Be6 13. g4 d5 14.
Bf4 Nxg4 15. fxg4 Bxg4 16. Bxe5 Bxd1 17. Bxh8 Bf3 18. Bg2 Bxg2 19. Qxg2 Kxh8 20. Nxd5 c6 21. Nc3 h5 22. e5 Qd4 23. Qe2 Re8 24. Re1 Qxh4 25.
Qd2 Kh7 26. a3 Qg3 27. Qe2 Qg5+ 28. Kb1 Re6 29. Ne4 Qxe5 30. Qd2 Qg7 31. Ng5+ Kh8 32.
Nxe6 fxe6 33. Rxe6 Qf7 34. Qh6+ Kg8 35. Rxg6+ 1-0

[Event "*** Titled Tuesday Blitz"]
[Site "Chess.com"]
[Date "2020.12.29"]
[Round "11"]
[White "grandcoach"]
[Black "juli2512"]
[Result "0-1"]
[WhiteElo "2119"]
[BlackElo "2127"]
[TimeControl "180+1"]
[EndTime "12:05:48 PST"]
[Termination "juli2512 won on time"]

1. e4 c5 2. b4 cxb4 3. a3 b3 4. cxb3 d5 5. e5 Nc6 6. d4 g6 7. Nf3 Bg7 8. h3 f6 9. Bb2 Nh6 10. Bd3 O-O 11. O-O Be6 12. b4 a6 13. Nbd2 Bf7 14.
Nb3 fxe5 15. dxe5 d4 16. Nc5 Nxe5 17. Nxe5 Bxe5 18. Nxb7 Qd5 19. Nc5 Ra7 20. Be4 Qd6 21. Qd2 Bg7 22. Rad1 Bc4 23. Rfe1 Rd8 24. Qg5 Nf7 25.
Qc1 Bb5 26. Nb7 Rxb7 27. Bxb7 e5 28. Qc5 Qf6 29. Bc1 Rf8 30. f3 Nd6 31. Bd5+ Kh8 32. Bb3 Nf5 33. a4 Bd7 34. Bd5 Nh4 35. Be4 Bf5 36.
Bxf5 Qxf5 0-1

[Event "*** Titled Tuesday Blitz"]
[Site "Chess.com"]
[Date "2020.12.29"]
[Round "11"]
[White "Khusenkhojaev"]
[Black "HanSchut"]
[Result "1-0"]
[WhiteElo "2460"]
[BlackElo "2265"]
[TimeControl "180+1"]
[EndTime "12:05:49 PST"]
[Termination "Khusenkhojaev won on time"]

1. Nf3 Nf6 2. c4 g6 3. g3 Bg7 4. Nc3 d5 5. cxd5 Nxd5 6. d4 O-O 7. Bg2 c5 8. O-O Nxc3 9. bxc3 Nc6 10. e3 Be6 11.
Ba3 cxd4 12. cxd4 Rc8 13. Qa4 a6 14. Rfc1 Qd7 15. Rab1 Nxd4 16. Qxd7 Nxf3+ 17. Bxf3 Bxd7 18. Rxb7 Rxc1+ 19. Bxc1 Bh3 20. Bg2 Bxg2 21. Kxg2 Rc8 22. Ba3 e6 23. Ra7 Bf8 24. Bxf8 Kxf8 25. Rxa6 Rc2 26. Ra7 Kg7 27. g4 h5 28. gxh5 gxh5 29. a4 Ra2 30. Kg3 h4+ 31. Kf3 h3 32. Kg3 Kg6 33. a5 Kg7 34. f3 Kf6 35. a6 Ra3 36.
e4 Kg7 37. Ra8 Kh7 38. e5 Kg7 39. Kg4 Ra2 40. a7 1-0

[Event "*** Titled Tuesday Blitz"]
[Site "Chess.com"]
[Date "2020.12.29"]
[Round "11"]
[White "Leonid_Starozhilov"]
[Black "K_A_S_T_O_R"]
[Result "0-1"]
[WhiteElo "2646"]
[BlackElo "2812"]
[TimeControl "180+1"]
[EndTime "12:05:51 PST"]
[Termination "K_A_S_T_O_R won by resignation"]

1. c4 c5 2. Nc3 Nf6 3. g3 e6 4.
Bg2 d5 5. d3 d4 6. Ne4 Nxe4 7.
Bxe4 Be7 8. Bg2 O-O 9. Nf3 Nc6 10. O-O e5 11. e3 Bg4 12. exd4 cxd4 13. Re1 f6 14. a3 a5 15. Rb1 Qd7 16. Qc2 b6 17.
Bd2 a4 18. b4 axb3 19. Rxb3 Bc5 20. Bb4 Ra6 21. Nd2 Rc8 22. Bxc5 bxc5 23. Ne4 Nd8 24. Rb5 Qe7 25. Qb2 Bd7 26. Rb6 Rxb6 27. Qxb6 Bc6 28.
Bh3 Ra8 29. Nxc5 Rxa3 30. Ne6 Bd7 31. Nxd8 Bxh3 32. Qb8 Qe8 33. Qd6 Ra7 34. Nc6 Rd7 35. Qb4 Rc7 36. Nxd4 Qa8 37. Re4 exd4 38. Qe1 Rc8 39.
f3 Bf5 40. Rxd4 Qxf3 41. Qf2 Qd1+ 42. Kg2 Bg6 43. h4 Bxd3 44. Qe3 Qf1+ 45. Kh2 Qe2+ 46. Qxe2 Bxe2 0-1

[Event "*** Titled Tuesday Blitz"]
[Site "Chess.com"]
[Date "2020.12.29"]
[Round "11"]
[White "vladimirdamjanovic"]
[Black "GregShahade"]
[Result "1-0"]
[WhiteElo "2435"]
[BlackElo "2656"]
[TimeControl "180+1"]
[EndTime "12:05:51 PST"]
[Termination "vladimirdamjanovic won by resignation"]

1. d4 Nf6 2. Nc3 d5 3. Bf4 g6 4. e3 Bg7 5. h4 c6 6. Nf3 Nbd7 7. Ne5 h5 8. Be2 a5 9. Qd2 Nxe5 10. Bxe5 b5 11.
O-O O-O 12. a3 Nd7 13. Bxg7 Kxg7 14. e4 e6 15. g3 Nb6 16. e5 Nc4 17. Bxc4 bxc4 18. Na4 Rb8 19. Rab1 Ba6 20. Rfe1 Rb5 21. Nc5 Bc8 22. b3 cxb3 23. Rxb3 Rxb3 24. cxb3 Qc7 25. Qf4 Qe7 26. Re3 Bd7 27. Qf6+ Qxf6 28. exf6+ Kg8 29. Nxd7 Rd8 30. Nc5 Kh7 31. f4 g5 32. fxg5 Kg6 33. Re5 Rb8 34. Kf2 a4 35. Nd7 Rd8 36. Nc5 axb3 37. Nxb3 Ra8 38. Nc5 Rxa3 39. Nd7 Kh7 40. Re3 Ra2+ 41. Kf3 Rd2 42. Ne5 Kg8 43. Nxc6 Rc2 44.
Ne5 Rc1 45. Rd3 Rf1+ 46. Ke2 Rg1 47. Kd2 Ra1 48. Kc3 Ra4 49. Kb3 Ra1 50. Kb4 Rc1 51.
Rc3 Rd1 52. Rc8+ Kh7 53. g6+ fxg6 54. f7 Rb1+ 55. Ka3 Rf1 56. f8=Q Rxf8 57. Rxf8 g5 58. Rf4 Kg7 59. hxg5 Kh7 60. Rh4 Kg7 61. Rxh5 Kg8 62. Rh4 Kg7 63. Kb4 Kg8 64. Kc5 Kg7 65. Kd6 Kg8 66. Rf4 Kg7 67. Kxe6 Kg8 68. Kxd5 Kg7 69.
Ke4 Kg8 70. d5 Kg7 1-0

[Event "*** Titled Tuesday Blitz"]
[Site "Chess.com"]
[Date "2020.12.29"]
[Round "11"]
[White "elohunter1999"]
[Black "NateSolon"]
[Result "1-0"]
[WhiteElo "2678"]
[BlackElo "2516"]
[TimeControl "180+1"]
[EndTime "12:05:51 PST"]
[Termination "elohunter1999 won by resignation"]

1. d4 Nf6 2. c4 e6 3. Nf3 d5 4. Nc3 a6 5. cxd5 exd5 6. Bg5 Be6 7. e3 Nbd7 8. Bd3 c6 9. h3 Bd6 10. Bf4 Qb8 11. Bxd6 Qxd6 12. O-O O-O 13. Qb3 b5 14. Rfc1 c5 15. dxc5 Nxc5 16. Qd1 Rac8 17. Ne2 Rfd8 18. Nfd4 Nce4 19. Rc2 g6 20. Rac1 Kg7 21.
Nf4 Bd7 22. Rxc8 Rxc8 23. Rxc8 Bxc8 24. Qc1 Bd7 25. Nfe2 h5 26. Nb3 Qe5 27. Ned4 h4 28. Nf3 Qh5 29. Nbd4 g5 30. Bxe4 dxe4 31. Ne5 g4 32.
Nxd7 Nxd7 33. Qc7 Nf6 34. Qf4 Kg6 35. Qd6 gxh3 36. gxh3 Qd1+ 37. Kg2 Qd2 38. Qe5 Nh7 39. Qxe4+ Kg7 40. Qe5+ Kg8 41. Nf5 f6 42. Qe6+ Kh8 43. Qe8+ 1-0

[Event "*** Titled Tuesday Blitz"]
[Site "Chess.com"]
[Date "2020.12.29"]
[Round "11"]
[White "Nils_03"]
[Black "ChrisTool2"]
[Result "0-1"]
[WhiteElo "2259"]
[BlackElo "2370"]
[TimeControl "180+1"]
[EndTime "12:05:51 PST"]
[Termination "ChrisTool2 won by checkmate"]

1. d4 Nf6 2. c4 c5 3. Nf3 cxd4 4.
Nxd4 e5 5. Nb5 d5 6. cxd5 Bc5 7. g3 e4 8. e3 Bg4 9. Be2 h5 10. h3 Bf5 11. N5c3 Nbd7 12. Nd2 Ne5 13. Nb3 Bb4 14. Nd4 Bd7 15. Qb3 Qa5 16. Bd2 O-O 17. Nxe4 Bxd2+ 18. Nxd2 Ne4 19. Qc2 f5 20. b4 Qxb4 21. Rb1 Qa5 22. Nb3 Qxd5 23. O-O Rac8 24. Qd1 Nc3 25. Qe1 Nxb1 26.
Qxb1 Bc6 27. e4 fxe4 28. Rd1 e3 29. f3 exd2 30. Nxd2 Qd4+ 31. Kg2 Qe3 32. Qb3+ Qxb3 33. Nxb3 Nxf3 34. Bxf3 Bxf3+ 35. Kh2 Bxd1 36. Nd4 Rcd8 37. g4 Rxd4 38. gxh5 Rd3 39. h4 Rf2+ 40. Kg1 Rxa2 41. h6 Bg4 42. h7+ Kh8 43. h5 Rd1# 0-1

[Event "*** Titled Tuesday Blitz"]
[Site "Chess.com"]
[Date "2020.12.29"]
[Round "11"]
[White "Chopper1905"]
[Black "JoAttack"]
[Result "1-0"]
[WhiteElo "2920"]
[BlackElo "2172"]
[TimeControl "180+1"]
[EndTime "12:05:51 PST"]
[Termination "Chopper1905 won on time"]

1. g4 d5 2. Bg2 c6 3. c4 g6 4. cxd5 cxd5 5. Qb3 e6 6. d4 Bg7 7. Nf3 Nc6 8. e3 Nf6 9. h3 Ne4 10. Nbd2 O-O 11. O-O f5 12. Ne1 fxg4 13. hxg4 Qh4 14.
Nxe4 dxe4 15. Bxe4 Qxg4+ 16. Bg2 Kh8 17. f3 Qg3 18. f4 e5 19. dxe5 Bh3 20. Bd2 Nxe5 21. e4 Qxb3 22. axb3 Bxg2 23. Kxg2 Nc6 24. Bc3 Rae8 25. Bxg7+ Kxg7 26. e5 a6 27. Rd1 Rf7 28.
Nd3 Nd4 29. Nc5 Nf5 30. Rd3 Nh4+ 31. Kh3 Nf5 32. Rfd1 Ree7 33. Ne4 h6 34. b4 Rc7 35. Nc5 Rce7 36. Rd8 g5 37. e6 Rf6 38. fxg5 hxg5 39. R1d7 Kg6 40. Kg4 Nh6+ 41. Kg3 1-0

[Event "*** Titled Tuesday Blitz"]
[Site "Chess.com"]
[Date "2020.12.29"]
[Round "11"]
[White "Vyacheslav_N"]
[Black "arna"]
[Result "1-0"]
[WhiteElo "2449"]
[BlackElo "2173"]
[TimeControl "180+1"]
[EndTime "12:05:52 PST"]
[Termination "Vyacheslav_N won on time"]

1. e4 e6 2. d4 d5 3. Nd2 Nf6 4. e5 Nfd7 5. f4 c5 6. c3 Nc6 7. Ndf3 f6 8. Bd3 cxd4 9. cxd4 Bb4+ 10. Bd2 Bxd2+ 11. Qxd2 f5 12. Ne2 Qb6 13. a3 Nf8 14. h3 Na5 15. Qb4 Qxb4+ 16. axb4 Nc4 17. b3 Nb6 18. g4 g6 19. Kd2 Bd7 20. Rhc1 Kd8 21.
Ng5 Be8 22. b5 h6 23. Nf3 Nc8 24. gxf5 exf5 25. Nh4 Ne6 26. Rg1 Ne7 27. Ra2 Kc7 28. Rga1 Kb6 29. Ng2 Rg8 30. Ne3 Bd7 31. h4 Rgf8 32. Rg1 Rg8 33. h5 gxh5 34. Nxf5 Nxf5 35. Bxf5 Raf8 36. Rxg8 Rxg8 37. Bd3 Rg2 38. Ke3 Bxb5 39.
Bxb5 Kxb5 40. Rxa7 Rxe2+ 41. Kxe2 Nxf4+ 42. Ke3 Ng2+ 43. Kf3 Ne1+ 44. Ke2 Nc2 45. Kd3 Nb4+ 46. Kc3 Nc6 47. Rxb7+ Ka6 48. Rh7 1-0

[Event "*** Titled Tuesday Blitz"]
[Site "Chess.com"]
[Date "2020.12.29"]
[Round "11"]
[White "FontVella8"]
[Black "GM_Crest"]
[Result "0-1"]
[WhiteElo "2544"]
[BlackElo "2705"]
[TimeControl "180+1"]
[EndTime "12:05:54 PST"]
[Termination "GM_Crest won on time"]

1. e4 e6 2. d4 d5 3. Nc3 Bb4 4. e5 c5 5. a3 Bxc3+ 6. bxc3 Qc7 7. h4 f6 8. Nf3 Nc6 9. Bb5 Ne7 10. h5 O-O 11. h6 fxe5 12. hxg7 Rf7 13. Ng5 Rxg7 14. Qh5 Ng6 15. Nxh7 exd4 16. Bh6 Qe5+ 17. Qxe5 Ngxe5 18. Bxg7 Kxg7 19. Ng5 dxc3 20. f4 Nd4 21. Rh7+ Kg6 22. Be8+ Kf5 23. O-O-O Kxf4 24. Nh3+ Kg3 25. Rg7+ Kh2 26.
Nf2 Ne2+ 27. Kb1 Ng3 28. Ng4+ Nxg4 29. Rxg4 d4 30. Rd3 Nf5 31. Rh3+ Kg1 32. Rh7 e5 33.
Rg5 Ne3 34. Rxe5 Bf5 35. Rf7 Bg6 36. Rf8 Bxc2+ 37. Kc1 Ba4 0-1

[Event "*** Titled Tuesday Blitz"]
[Site "Chess.com"]
[Date "2020.12.29"]
[Round "11"]
[White "Tagliata"]
[Black "J36225"]
[Result "0-1"]
[WhiteElo "2317"]
[BlackElo "2468"]
[TimeControl "180+1"]
[EndTime "12:05:54 PST"]
[Termination "J36225 won by resignation"]

1. e4 e5 2. d4 exd4 3. c3 dxc3 4. Nxc3 Bb4 5. Bc4 Nf6 6. Bxf7+ Kxf7 7. Qb3+ d5 8. Qxb4 Nc6 9. Qb3 Re8 10. Nf3 Be6 11. Ng5+ Kg8 12. Nxe6 Rxe6 13. O-O Nxe4 14. Qxd5 Qxd5 15.
Nxd5 Rd8 16. Nxc7 Rg6 17. Be3 Ne5 18. Rad1 Rxd1 19. Rxd1 b6 20. h3 Nf3+ 21. Kf1 Ne5 22. f3 Nc4 23. Bd4 Ng3+ 24. Kf2 Nf5 25. Bc3 Rxg2+ 26.
Kxg2 Nfe3+ 27. Kf2 Nxd1+ 28. Ke2 Ndxb2 29. Nb5 Na4 30. Bd4 a6 31. Nc7 b5 32. Nxa6 Nab6 33. Bxb6 Nxb6 34. Nc7 b4 35. Na6 Nd5 36. Kd3 Kf7 37.
Kc4 Nc3 38. a3 bxa3 39. Kxc3 Kf6 40. Kd4 a2 41. Nb4 a1=Q+ 0-1

[Event "*** Titled Tuesday Blitz"]
[Site "Chess.com"]
[Date "2020.12.29"]
[Round "11"]
[White "champ2005"]
[Black "sergiochess83"]
[Result "0-1"]
[WhiteElo "2974"]
[BlackElo "2837"]
[TimeControl "180+1"]
[EndTime "12:05:55 PST"]
[Termination "sergiochess83 won by resignation"]

1. d4 Nf6 2. Bf4 c5 3. e3 Nd5 4. Bxb8 Rxb8 5. dxc5 Qa5+ 6. Nd2 Nf6 7. Nf3 Qxc5 8. Bd3 g6 9. O-O Bg7 10. c4 O-O 11.
Rc1 d6 12. a3 Qc7 13. b4 b6 14. Nd4 a6 15. Be2 Bd7 16. Bf3 Rfc8 17. Qe2 e5 18. N4b3 Be6 19. Rfd1 Rd8 20. Ne4 Rbc8 21. Nxf6+ Bxf6 22. Bd5 Qd7 23. Nd2 Be7 24. Ne4 Bxd5 25. Rxd5 f5 26. Nd2 Qa4 27. Qd3 Kg7 28. Re1 e4 29.
Qc3+ Bf6 30. Qc1 b5 31. Rd1 bxc4 32. Nb1 c3 33. Ra5 Qxd1+ 34. Qxd1 c2 35. Qc1 Kh6 36. g4 Bb2 37. g5+ Kxg5 38. f4+ Kh6 0-1

[Event "*** Titled Tuesday Blitz"]
[Site "Chess.com"]
[Date "2020.12.29"]
[Round "11"]
[White "frederiksvane"]
[Black "MaevskiyNikolay"]
[Result "1-0"]
[WhiteElo "2741"]
[BlackElo "2592"]
[TimeControl "180+1"]
[EndTime "12:05:55 PST"]
[Termination "frederiksvane won on time"]

1. e4 c6 2. d4 d5 3. exd5 cxd5 4. Bd3 Nc6 5. c3 Qc7 6. h3 e5 7. dxe5 Nxe5 8. Nf3 Nxf3+ 9. Qxf3 Nf6 10. O-O Be7 11.
Bf4 Qd8 12. Nd2 O-O 13. Nb3 a6 14. Rfe1 Re8 15. Rad1 Bd7 16. Be5 Bc6 17. Nd4 Rc8 18. Nf5 d4 19. Qg3 Nh5 20. Qg4 g6 21. Nxd4 Bd6 22. Bf5 Rxe5 23. Rxe5 Bxe5 24. Nxc6 Qc7 25.
Nxe5 Re8 26. Nf3 Nf6 27. Qg5 Kg7 28. Bd3 Qe7 29. Bf1 h6 30. Qd2 Qe6 31. Re1 Qxa2 32. Rxe8 Nxe8 33. Qd4+ Nf6 34. Ne5 Qe6 35. Bc4 Qf5 36.
Nxf7 Qb1+ 37. Kh2 Qxb2 38. Nd6 Qb1 39. Ne8+ Kf8 40. Nxf6 Qf5 41. Qd6+ 1-0

[Event "*** Titled Tuesday Blitz"]
[Site "Chess.com"]
[Date "2020.12.29"]
[Round "11"]
[White "MokshanovAlexey"]
[Black "Vamostodorecto"]
[Result "1-0"]
[WhiteElo "2629"]
[BlackElo "2444"]
[TimeControl "180+1"]
[EndTime "12:05:55 PST"]
[Termination "MokshanovAlexey won by checkmate"]

1. e4 e5 2. Nf3 Nc6 3. d4 exd4 4. Nxd4 Nf6 5. Nc3 Bb4 6. Nxc6 bxc6 7. Bd3 d5 8. exd5 O-O 9. O-O Bg4 10. Be2 Bxe2 11.
Nxe2 cxd5 12. Bg5 c6 13. Nd4 Qd6 14. Nf5 Qe5 15. Qf3 Ne4 16. Be3 Bd2 17. Bd4 Qf4 18.
Qxf4 Bxf4 19. Bxg7 Rfe8 20. g3 Bc7 21. Kg2 Rab8 22.
b3 Be5 23. Bxe5 Rxe5 24. Nd4 Rc8 25. Rfe1 Rg5 26. f4 Rg6 27. Nf5 Kf8 28. c4 Rd8 29. Rad1 Rf6 30. Rxe4 Rxf5 31. cxd5 Rfxd5 32. Rxd5 Rxd5 33. Ra4 a5 34. Kf3 h5 35. Rc4 Rd2 36. Rxc6 Rxa2 37. Rc5 Rb2 38. Rxh5 Rxb3+ 39. Kg4 a4 40. Ra5 Ra3 41.
h4 Ra1 42. Kg5 Kg7 43. Ra7 a3 44. h5 a2 45. h6+ Kg8 46. g4 Kh8 47. Kf5 Kh7 48. Rxf7+ Kg8 49. Ra7 Kh8 50. Kg6 Rg1 51.
Ra8# 1-0

[Event "*** Titled Tuesday Blitz"]
[Site "Chess.com"]
[Date "2020.12.29"]
[Round "11"]
[White "Ze-Pequeno"]
[Black "norwaytoadog"]
[Result "1-0"]
[WhiteElo "2330"]
[BlackElo "2193"]
[TimeControl "180+1"]
[EndTime "12:05:55 PST"]
[Termination "Ze-Pequeno won on time"]

1. e4 c5 2. Nf3 d6 3. d4 cxd4 4. Nxd4 Nf6 5. Nc3 a6 6. f4 e6 7. Qf3 Be7 8. Be3 Nbd7 9. g4 h6 10. h4 Nb6 11. g5 hxg5 12. hxg5 Rxh1 13. Qxh1 Nfd7 14. g6 Nf8 15. gxf7+ Kxf7 16. O-O-O Bd7 17. f5 Rc8 18. Qh5+ Kg8 19. Bd3 Qe8 20. Qh3 exf5 21.
exf5 Nc4 22. Bxc4+ Rxc4 23. Rh1 Bh4 24. Kd2 g5 25. Qg4 Kf7 26. Rxh4 gxh4 27. Qxh4 Qe7 28. Qh5+ Kg8 29. Nde2 Be8 30. Qh2 Bf7 31. Nf4 Qe5 32.
Qg2+ Kh7 33. Qh3+ Kg7 34. Qg2+ 1-0

[Event "*** Titled Tuesday Blitz"]
[Site "Chess.com"]
[Date "2020.12.29"]
[Round "11"]
[White "JiiHart"]
[Black "BelaKis"]
[Result "0-1"]
[WhiteElo "2061"]
[BlackElo "2127"]
[TimeControl "180+1"]
[EndTime "12:05:55 PST"]
[Termination "BelaKis won on time"]

1. e4 g6 2. d4 Bg7 3. Nc3 c5 4. Be3 cxd4 5. Bxd4 Nf6 6. Nf3 Nc6 7. Bxf6 Bxf6 8. Bc4 O-O 9. h4 h5 10. Qd2 d6 11.
O-O-O Bg4 12. Nd5 Bg7 13. Ne3 Bxf3 14. gxf3 Rc8 15. f4 Na5 16. Bb3 b5 17. f5 Nc4 18.
Qe2 Bxb2+ 19. Kb1 Bg7 20. fxg6 fxg6 21. Rhg1 Kh7 22. Rxg6 Kxg6 23. Rg1+ Kh6 24. Nf5+ Rxf5 25. exf5 Qe8 26. Rg6+ Qxg6 27. fxg6 Bf6 28. Bxc4 bxc4 29. Qe6 Rb8+ 30. Kc1 Kxg6 31. Qxc4 Bb2+ 32. Kd1 Bf6 33.
Qe4+ Kg7 34. Qf5 Rb1+ 35. Ke2 Kh6 36. Qf4+ Kg6 37. Qa4 Rh1 38. Kf3 Rxh4 39. Qxa7 Be5 40.
Kg2 Rg4+ 41. Kf1 Rf4 42. Qxe7 h4 43. Qe6+ Kg5 0-1

[Event "*** Titled Tuesday Blitz"]
[Site "Chess.com"]
[Date "2020.12.29"]
[Round "11"]
[White "JoachimMouhamad"]
[Black "QuintilianoR"]
[Result "0-1"]
[WhiteElo "2400"]
[BlackElo "2665"]
[TimeControl "180+1"]
[EndTime "12:05:57 PST"]
[Termination "QuintilianoR won on time"]

1. e4 c5 2. Nf3 d6 3. d4 cxd4 4. Nxd4 Nf6 5. Nc3 a6 6. f3 e5 7. Nb3 Be6 8. Be3 h5 9. Qd2 Nbd7 10. Nd5 Bxd5 11. exd5 g6 12. Be2 Bg7 13. Na5 Qc7 14.
O-O O-O 15. c4 Rfe8 16. h3 b6 17. Nc6 Nb8 18. Nb4 a5 19. Nc2 Nbd7 20. Na3 Nc5 21. Nb5 Qd7 22. b3 Nh7 23. Rab1 f5 24. a3 e4 25. b4 axb4 26. axb4 exf3 27. Bxf3 Ne4 28. Bxe4 Rxe4 29. Bd4 Qe7 30. Bxg7 Kxg7 31. Rbe1 Re8 32. Rxe4 fxe4 33. Nd4 Nf8 34. Qe3 Kg8 35. Rf4 Qe5 36. Ne2 b5 37. cxb5 Qxd5 38. b6 Nd7 39. Nc3 Qd3 40. Rxe4 Qxe3+ 41. Rxe3 Rxe3 42. Nd5 Rb3 43. b7 Nb8 44. Kf2 Kf7 0-1

[Event "*** Titled Tuesday Blitz"]
[Site "Chess.com"]
[Date "2020.12.29"]
[Round "11"]
[White "anpospan"]
[Black "carloseduar100"]
[Result "1-0"]
[WhiteElo "2329"]
[BlackElo "2122"]
[TimeControl "180+1"]
[EndTime "12:05:58 PST"]
[Termination "anpospan won by checkmate"]

1. d4 d5 2. c4 e5 3. dxe5 d4 4. Nf3 Nc6 5. g3 Bg4 6. Bg2 Nge7 7.
Nbd2 Ng6 8. O-O Qd7 9. Qa4 O-O-O 10. b4 Kb8 11. b5 Ncxe5 12. Rb1 Bc5 13. Ne4 Qe7 14. Bg5 f6 15. Bd2 Nxf3+ 16. exf3 Bc8 17. Rfe1 Ne5 18. f4 Nd3 19. Re2 Bb6 20. Nc3 dxc3 21.
Rxe7 cxd2 22. Bf3 Nxf2 23. Kg2 Rd4 24. Bd1 Bg4 25. Bxg4 Nxg4 26. Qd1 h5 27. h3 Bc5 28. Re2 Nh6 29. Rxd2 Rhd8 30. Rxd4 Bxd4 31. Qe2 Nf5 32.
Rd1 Rh8 33. Rd3 b6 34. Qe4 g6 35. Rxd4 Nxd4 36. Qxd4 Re8 37. Qxf6 Re2+ 38. Kf3 Rxa2 39. Qxg6 Rc2 40. Qxh5 Rxc4 41. Kg4 Rc5 42. Qe8+ Kb7 43. f5 a6 44. f6 axb5 45. f7 b4 46. f8=Q b3 47. Qa8# 1-0

[Event "*** Titled Tuesday Blitz"]
[Site "Chess.com"]
[Date "2020.12.29"]
[Round "11"]
[White "lelajavakhishvili"]
[Black "mbojan"]
[Result "0-1"]
[WhiteElo "2515"]
[BlackElo "2678"]
[TimeControl "180+1"]
[EndTime "12:05:59 PST"]
[Termination "mbojan won by resignation"]

1. d4 g6 2. c4 Bg7 3. e4 d6 4. Nc3 e5 5. dxe5 dxe5 6. Qxd8+ Kxd8 7. Bg5+ f6 8. O-O-O+ Nd7 9. Be3 Bh6 10. Bxh6 Nxh6 11. h4 c6 12. h5 g5 13. Nge2 Ke7 14. Ng3 Nc5 15. Be2 a5 16. Rd2 Be6 17. Rhd1 Rhd8 18. Rxd8 Rxd8 19. Rxd8 Kxd8 20. Kd2 Kc7 21. Ke3 Kd6 22.
b3 Bc8 23. Bd1 Ne6 24. a3 Nd4 25. b4 axb4 26. axb4 Be6 27. c5+ Ke7 28. f3 Nf7 29. Nce2 Nxe2 30. Nxe2 g4 31. f4 exf4+ 32. Kxf4 Ne5 33.
Nd4 Nd3+ 34. Kg3 Nxb4 35. Bxg4 Bxg4 36. Kxg4 Nd3 37. Kf5 Nxc5 38. g4 Nd7 39. g5 fxg5 40. Kxg5 c5 41. Nb5 Ke6 42. Kh6 Nf6 43. Nc3 Ke5 44.
Nd5 Nxd5 45. exd5 c4 46. Kxh7 c3 47. h6 c2 48. Kg8 c1=Q 49. h7 Qg5+ 50. Kf7 Qh6 51.
Kg8 Qg6+ 0-1

[Event "*** Titled Tuesday Blitz"]
[Site "Chess.com"]
[Date "2020.12.29"]
[Round "11"]
[White "Kale36"]
[Black "MashaFromRussia"]
[Result "1-0"]
[WhiteElo "2294"]
[BlackElo "2377"]
[TimeControl "180+1"]
[EndTime "12:05:59 PST"]
[Termination "Kale36 won by resignation"]

1. b3 Nf6 2. Bb2 g6 3. g4 h6 4. f4 g5 5. fxg5 hxg5 6. Nf3 e6 7. e3 Bg7 8. Rg1 d6 9. Nc3 e5 10. h3 Nc6 11. Bg2 e4 12. Nd4 Nxd4 13. exd4 d5 14. Qe2 Be6 15. O-O-O Qd7 16. Rdf1 O-O-O 17. Qb5 Qxb5 18.
Nxb5 a6 19. Nc3 Nd7 20. Nd1 Rdf8 21. Ne3 c6 22. Ba3 Rfg8 23. c3 Rh6 24. Nf5 Bxf5 25.
Rxf5 f6 26. Rgf1 Kc7 27. c4 Nb6 28. c5 Nc8 29. Bb4 Ne7 30. Ba5+ Kd7 31. R5f2 Ng6 32.
Rxf6 Bxf6 33. Rxf6 Rf8 34. Rd6+ Ke7 35. Kc2 Rf2 36.
Bh1 Rxh3 37. Rxg6 Rxh1 38. Rg7+ Kf6 39. Rxb7 Rff1 40. Kb2 Rhg1 41. Rc7 Rxg4 42. Rxc6+ Kf5 43. Rd6 Rgg1 44. Rxd5+ Kf4 45. c6 Rc1 46. Bc3 Rb1+ 47. Ka3 Rh1 48. c7 Rh8 49. Rd8 1-0

[Event "*** Titled Tuesday Blitz"]
[Site "Chess.com"]
[Date "2020.12.29"]
[Round "11"]
[White "Sharpchess22"]
[Black "exoticprincess"]
[Result "0-1"]
[WhiteElo "2815"]
[BlackElo "2908"]
[TimeControl "180+1"]
[EndTime "12:06:01 PST"]
[Termination "exoticprincess won by checkmate"]

1. e4 c6 2. d4 d5 3. e5 Bf5 4. h4 h5 5. Bd3 Bxd3 6. Qxd3 e6 7. Nd2 Nh6 8. Ne2 Nd7 9. Nf3 Nf5 10. Ng3 g6 11. Bg5 Be7 12. Bxe7 Qxe7 13. c3 O-O-O 14. O-O-O Kb8 15. Kb1 c5 16. Ne2 Rc8 17. Qd2 Rc6 18. Qg5 Qf8 19. g4 hxg4 20. Qxg4 Rb6 21. Ka1 cxd4 22.
Nexd4 Nc5 23. h5 gxh5 24. Rxh5 Rxh5 25. Qxh5 Nxd4 26. Nxd4 Ne4 27. Qf3 a5 28. Rg1 Ka7 29. Qe3 Nc5 30. f3 a4 31. Nc2 Rc6 32. Nb4 Rc7 33.
Rg4 b6 34. Nd3 Qe8 35. Rb4 a3 36. b3 Qc6 37. Nc1 Na6 38. Ra4 Qxc3+ 39. Qxc3 Rxc3 40. Kb1 Rxf3 41. Rxa3 Kb7 42. Ra4 Nc5 43. Rh4 Nd7 44. Rh5 Re3 45. Rh7 Nxe5 46. Kc2 Kc6 47. Kd2 d4 48. Ne2 Nf3+ 49. Kd1 d3 50. Nc3 Re1# 0-1